 Dungeon Crawl Stone Soup version 0.29-a0-352-g0917bc69df (webtiles) character file.

Game seed: 15096584348640862733

9 Gelos the Caller (level 2, -2/15 HPs)
             Began as a Kobold Summoner on Apr 25, 2022.
             Slain by a gnoll
             ... wielding a +0 whip
              (3 damage)
             ... on level 1 of the Dungeon.
             The game lasted 00:01:42 (872 turns).

Gelos the Caller (Kobold Summoner)                   Turns: 872, Time: 00:01:42

Health: -2/15      AC:  2    Str:  5    XL:     2   Next: 20%
Magic:  3/5        EV: 15    Int: 16    God:
Gold:   13         SH:  0    Dex: 15    Spells: 2/5 levels left

rFire   . . .      SeeInvis .   e - +0 short sword
rCold   . . .      Faith    .   (no shield)
rNeg    . . .      Spirit   .   a - +0 robe
rPois   .          Reflect  .   (no helmet)
rElec   .          Harm     .   (no cloak)
rCorr   .          Rampage  .   (no gloves)
Will    .....                   (no boots)
Stlth   +++.......              (no amulet)
HPRegen 0.05/turn               (no ring)
MPRegen 0.09/turn               (no ring)

@: no status effects
A: small, no large weapons, nightstalker 3
a: no special abilities


You were on level 1 of the Dungeon.
You visited 1 branch of the dungeon, and saw 1 of its levels.

You collected 13 gold pieces.

Inventory:

Hand Weapons
 e - a +0 short sword (weapon)
Armour
 a - a +0 robe (worn)
Potions
 b - a potion of magic
 c - a potion of curing {unknown}
 d - a potion of resistance {unknown}


   Skills:
 + Level 2.7 Dodging
 + Level 3.0 Stealth
 + Level 2.3 Spellcasting
 + Level 4.1 Summonings


You had 2 spell levels left.
You knew the following spells:

 Your Spells              Type           Power      Damage    Failure   Level
a - Summon Small Mammal   Summ           60%        N/A       3%          1
b - Call Imp              Summ           15%        N/A       5%          2

Your spell library contained the following spells:

 Spells                   Type           Power      Damage    Failure   Level
 Magic Dart               Conj           4%         1d3       21%         1
 Call Canine Familiar     Summ           15%        N/A       11%         3
 Summon Guardian Golem    Hex/Summ       8%         N/A       26%         3
 Mephitic Cloud           Conj/Pois/Air  1%         N/A       52%         3
 Summon Lightning Spire   Summ/Air       8%         N/A       65%         4


Dungeon Overview and Level Annotations

Branches:
Dungeon (1/15)

Altars:


Innate Abilities, Weirdness & Mutations

You are small and have problems with some larger weapons.
You are completely attuned to the shadows.


Message History

The gnoll closely misses you.
Your crimson imp closely misses the gnoll.
You hit the gnoll.
The gnoll is heavily wounded.
The gnoll closely misses you.
Your crimson imp misses the gnoll.
You barely miss the gnoll.
The gnoll is heavily wounded.
The gnoll closely misses you.
Your crimson imp blinks!
The gnoll hits you with a +0 whip!
* * * LOW HITPOINT WARNING * * *
The gnoll attacks as you move away! The gnoll misses you.
The gnoll attacks as you move away! The gnoll barely misses you.
Your crimson imp hits the gnoll but does no damage.
The gnoll completely misses your crimson imp.
Your crimson imp barely misses the gnoll.
The gnoll hits your crimson imp with a +0 whip.
Your crimson imp completely misses the gnoll.
Casting: Call Imp (safe; 5% risk of failure)
Press: ? - help, Q - select action, (/) - cycle Dir - look around, f - activate A beastly little devil appears in a puff of flame.
Your crimson imp disappears in a puff of smoke!
Your crimson imp hits the gnoll.
Your crimson imp hits the gnoll but does no damage.
Your crimson imp blinks!
There is an open gate here.
You close the gate.
A gnoll breaks down the gate.
There is an open gate here.
You close the gate.
A gnoll opens the gate.
Casting: Call Imp (safe; 5% risk of failure)
Press: ? - help, Q - select action, (/) - cycle Dir - look around, f - activate A beastly little devil appears in a puff of flame.
Your crimson imp blinks!
The gnoll barely misses you. The gnoll attacks as you move away!
The gnoll misses you. The gnoll attacks as you move away!
The gnoll hits you with a +0 whip.
* * * LOW HITPOINT WARNING * * *
Your crimson imp blinks!
The gnoll attacks as you move away! The gnoll hits you with a +0 whip.
You die...

...............#########
.............[.........#
........####...........#
........# ####........#
........# #........#
........# #........###
#'####### #..........#
..##### ###..........##
....... ....@........>#
####### #####g.......## ###
###########........#
..#####..................#
................ยง........#
#.######.##'''##.........#
#.# ##.#.....#.........#
#.# #..#.....#.........#
#.# #..#..<..#.........#


You could see a gnoll.

Vanquished Creatures (collateral kills)
  A dart slug (D:1)
  2 giant cockroaches (D:1)
  A hobgoblin (D:1)
  A kobold (D:1)
  A frilled lizard (D:1)
6 creatures vanquished.

Notes
Turn   | Place    | Note
-------+----------+-------------------------------------------
     0 | D:1      | Gelos the Kobold Summoner began the quest for the Orb.
     0 | D:1      | Reached XP level 1. HP: 10/10 MP: 3/3
   450 | D:1      | Reached XP level 2. HP: 2/15 MP: 1/5
   708 | D:1      | Learned a level 2 spell: Call Imp
   872 | D:1      | Slain by a gnoll

Illustrated notes

Levels and vault maps discovered:
D:1:      dpeg_arrival_windows_large_door, layout_basic

Skill      XL: |  1 |
---------------+----+-----
Stealth        | 3 |  3.0
Dodging        | |  2.7
Spellcasting   | |  2.3
Summonings     | |  4.1

Action                   || total
-------------------------++-------
Melee: Unarmed           ||     9
       Short sword       ||     5
 Cast: Summon Small Mamm ||     9
       Call Imp          ||     5
 Stab: Sleeping          ||     2
Armor: Robe              ||     4
Dodge: Dodged            ||    28

Table legend: (Time is in decaauts)
 A = Elapsed time spent in this place.
 B = Non-inter-level travel time spent in this place.
 C = Inter-level travel time spent in this place.
 D = Time resting spent in this place.
 E = Time spent auto-exploring this place.
 F = Levels seen in this place.
 G = Mean time per level.
                   A        B        C        D        E       F      G
               +--------+--------+--------+--------+--------+-----+--------+
         Total |    872 |    872 |      0 |    474 |    243 |   1 |  872.0 |
       Dungeon |    872 |    872 |      0 |    474 |    243 |   1 |  872.0 |
               +--------+--------+--------+--------+--------+-----+--------+

Top non-repeatable levels by time:
     D:1: 872 daAuts
